 Dungeon Crawl Stone Soup version 0.22-a0-32-ga749362 (webtiles) character file.

10 Lanoc the Skirmisher (level 2, -3/24 HPs)
             Began as a Demonspawn Chaos Knight on Jan 4, 2018.
             Slain by a river rat (8 damage)
             ... on level 1 of the Dungeon.
             The game lasted 00:00:48 (475 turns).

Lanoc the Skirmisher (Demonspawn Chaos Knight)       Turns: 475, Time: 00:00:49

Health: -3/24      AC:  5    Str: 12    XL:     2   Next: 10%
Magic:  2/2        EV: 11    Int: 13    God:    Xom [..*...]
Gold:   0          SH:  0    Dex: 12    Spells: 1/1 levels left

rFire    . . .     SeeInvis .   a - +0 falchion (chaos)
rCold    . . .     Gourm    .   (no shield)
rNeg     . . .     Faith    .   b - +2 leather armour
rPois    .         Spirit   .   (no helmet)
rElec    .         Reflect  .   (no cloak)
rCorr    .         Harm     .   (no gloves)
MR       .....                  (no boots)
Stlth    +.........             (no amulet)
HPRegen  0.08/turn              (no ring)
MPRegen  0.08/turn              (no ring)

@: no status effects
A: rot immunity
a: Renounce Religion


You were on level 1 of the Dungeon.
You worshipped Xom.
You were a toy of Xom.
You were not hungry.

You visited 1 branch of the dungeon, and saw 1 of its levels.

Inventory:

Hand Weapons
 a - a +0 falchion of chaos (weapon)
Armour
 b - a +2 leather armour (worn)
Jewellery
 e - an uncursed ring of ice
Scrolls
 d - a scroll of identify {unknown}
 f - a scroll of magic mapping {unknown}
 g - a scroll of fear {unknown}
Comestibles
 c - 2 rations


   Skills:
 + Level 3.1 Fighting
 * Level 2.9 Long Blades
 + Level 1.9 Armour
 + Level 1.1 Dodging


You had one spell level left.
You didn't know any spells.

Dungeon Overview and Level Annotations

Branches:
Dungeon (1/15)

Altars:


Innate Abilities, Weirdness & Mutations

You are immune to rotting.


Message History

You are too injured to fight recklessly!
You are too injured to fight recklessly!
You are too injured to fight recklessly!
You are too injured to fight recklessly!
You are too injured to fight recklessly!
You are too injured to fight recklessly!
You are too injured to fight recklessly!
You are too injured to fight recklessly!
You closely miss the river rat.
The river rat is almost dead.
The rat barely misses you.
You riposte.
You hit the rat. You burn the rat.
You kill the rat!
The river rat bites you.
You closely miss the river rat.
The river rat is almost dead.
The river rat bites you.
* * * LOW HITPOINT WARNING * * *
A shower of butterflies erupts from you!
The river rat bites you!
You die...

## ....
#############....
.................
#............#####
#..b..............
#..r@.)..........
#..b............
#............... ..
#...........## ...
#...........#
..####..####...# ...
##.## #...#
####.###..# #...#
..........###...####


You could see a river rat.

Vanquished Creatures
  A giant cockroach (D:1)
  A goblin (D:1)
  A hobgoblin (D:1)
  2 kobolds (D:1)
  A bat (D:1)
  A frilled lizard (D:1)
  A goblin (shapeshifter) (D:1)
  3 rats (D:1)
11 creatures vanquished.

Notes
Turn   | Place    | Note
-------+----------+-------------------------------------------
     0 | D:1      | Lanoc the Demonspawn Chaos Knight began the quest for the Orb.
     0 | D:1      | Reached XP level 1. HP: 18/18 MP: 1/1
    58 | D:1      | XOM: butterfly on damage
    63 | D:1      | Reached skill level 1 in Dodging
   420 | D:1      | XOM: divination: magic mapping
   453 | D:1      | Gained mutation: You are immune to rotting. [demonic ancestry]
   453 | D:1      | Reached XP level 2. HP: 21/24 MP: 2/2
   475 | D:1      | XOM: butterfly on damage
   475 | D:1      | Slain by a river rat

Vault maps used:
D:1:      dpeg_arrival_three_same_balls

Skill      XL: |  1 |
---------------+----+-----
Dodging        | 1 |  1.1
Fighting       | |  3.1
Long Blades    | |  2.9
Armour         | |  1.9

Action                   || total
-------------------------++-------
Melee: Falchion          ||    38
Armor: Leather armour    ||    14
Dodge: Dodged            ||    30
       Rpst.: Falchion   ||     9

Table legend:
 A = Spawn XP
 B = Non-spawn XP
 C = Spawn XP percentage of total XP
 D = Spawn monster count
 E = Non-spawn monster count
 F = Spawn count percentage of total count
 G = Total turns spent on level
                    A         B        C        D         E        F      G
               +---------+---------+-------+---------+---------+-------+---------
         Total |       0 |      15 |   0.0 |       0 |      11 |   0.0 |   475
               +---------+---------+-------+---------+---------+-------+---------
           D:1 |       0 |      15 |   0.0 |       0 |      11 |   0.0 |   475
               +---------+---------+-------+---------+---------+-------+---------
